 Dungeon Crawl Stone Soup version 0.31-a0-986-g5e6e4ef867 (webtiles) character file.

Game seed: 15881570939733890772

7 zazu2006 the Ducker (level 2, 0/19 HPs)
             Began as a Gnoll Wanderer on Nov 14, 2023.
             Slain by a quokka (4 damage)
             ... on level 1 of the Dungeon.
             The game lasted 00:00:52 (109 turns).

zazu2006 the Ducker (Gnoll Wanderer)                 Turns: 109, Time: 00:00:52

Health: 0/19       AC:  3    Str:  7    XL:     2   Next: 4%
Magic:  4/5        EV: 14    Int: 11    God:
Gold:   36         SH:  0    Dex: 15    Spells: 5/6 levels left

rFire   . . .        a - +0 quarterstaff
rCold   . . .        (shield currently unavailable)
rNeg    . . .        d - +0 robe
rPois   .            b - +0 helmet
rElec   .            (no cloak)
rCorr   .            (no gloves)
SInv    .            (no boots)
Will    .....        (no amulet)
Stlth   +            (no ring)
HPRegen 0.23/turn    (no ring)
MPRegen 0.09/turn

%: no passive effects
@: no status effects
A: fangs 1, strong nose, distributed training
a: no special abilities


You were on level 1 of the Dungeon.
You visited 1 branch of the dungeon, and saw 1 of its levels.

You collected 36 gold pieces.

Inventory:

Hand Weapons
 a - a +0 quarterstaff (weapon)
Armour
 b - a +0 helmet (worn)
 d - a +0 robe (worn)
Potions
 c - a potion of lignification


   Skills:
 + Level 0.2 Fighting
 + Level 0.2 Short Blades
 + Level 0.2 Long Blades
 + Level 0.2 Axes
 + Level 0.2 Maces & Flails
 + Level 0.2 Polearms
 + Level 4.4 Staves
 + Level 0.2 Ranged Weapons
 + Level 0.2 Throwing
 + Level 2.4 Armour
 + Level 4.4 Dodging
 + Level 0.2 Stealth
 + Level 0.2 Shields
 + Level 0.2 Unarmed Combat
 + Level 2.6 Spellcasting
 + Level 0.1 Conjurations
 + Level 3.6 Hexes
 + Level 0.1 Summonings
 + Level 0.1 Necromancy
 + Level 0.1 Translocations
 + Level 0.1 Transmutations
 + Level 0.1 Fire Magic
 + Level 0.1 Ice Magic
 + Level 0.1 Air Magic
 + Level 0.1 Earth Magic
 + Level 0.1 Poison Magic
 + Level 2.4 Invocations
 + Level 2.4 Evocations
 + Level 0.2 Shapeshifting


You had 5 spell levels left.
You knew the following spells:

 Your Spells              Type           Power      Damage    Failure   Level
a - Slow                  Hex            36%        N/A       6%          1

Your spell library contained the following spells:

 Spells                   Type           Power      Damage    Failure   Level
 Jinxbite                 Hex            18%        N/A       9%          2
 Anguish                  Hex/Necr       2%         N/A       77%         4


Dungeon Overview and Level Annotations

Branches:
Dungeon (1/15)

Altars:


Innate Abilities, Weirdness & Mutations

You have very sharp teeth.
Your uncanny sense of smell can sniff out nearby items.
Your experience applies equally to all skills.


Message History

The goblin seems to slow down.
A quokka comes into view.
A goblin comes into view. It is wielding a +0 club.
The goblin shouts!
You sock the goblin!
You kill the goblin!
The quokka twitches its whiskers.
The quokka closely misses you.
You have reached level 2!
You hit the quokka but do no damage.
A quokka comes into view.
The quokka bites you.
You hit the goblin.
The goblin is moderately wounded.
The quokka misses you. The goblin hits you but does no damage.
The quokka closely misses you.
You miss the goblin.
The goblin is moderately wounded.
The goblin hits you with a +0 club. The quokka barely misses you.
You hit the goblin but do no damage.
The goblin is moderately wounded.
The quokka closely misses you. The goblin hits you but does no damage.
You barely miss the goblin.
The goblin is moderately wounded.
The quokka bites you but does no damage.
The goblin barely misses you.
You hit the goblin but do no damage.
The goblin is moderately wounded.
The quokka completely misses you. The goblin barely misses you.
The quokka closely misses you. The quokka bites you.
You closely miss the goblin. Your bite misses the goblin.
The goblin is moderately wounded.
The goblin hits you with a +0 club. The quokka completely misses you.
The quokka bites you.
You closely miss the goblin. The goblin hits you with a +0 club.
The quokka bites you but does no damage.
The quokka bites you.
* * * LOW HITPOINT WARNING * * *
You barely miss the goblin. The quokka bites you.
You die...

##. #..#####
#......# #..^...#
#......#
#....(.####
#.###..gr......
......r@...#
##.........#
#.##......#
#......###
#####....#########
####.....#...#
##....#...###
##...#...#..
#.........#


You could see 2 quokkas and a goblin.

Vanquished Creatures
  A ball python (D:1)
  2 endoplasms (D:1)
  A goblin (D:1)
  A frilled lizard (D:1)
  2 rats (D:1)
7 creatures vanquished.

Notes
Turn   | Place    | Note
-------+----------+-------------------------------------------
     0 | D:1      | zazu2006 the Gnoll Wanderer began the quest for the Orb.
     0 | D:1      | zazu2006 set off with the following items: a +0
                  | quarterstaff, a +0 helmet, a potion of lignification, a +0
                  | robe; and the following spell memorised: Slow; and the
                  | following spells available to memorise: Jinxbite, Anguish.
     0 | D:1      | Reached XP level 1. HP: 13/13 MP: 4/4
   101 | D:1      | Reached XP level 2. HP: 19/19 MP: 3/5
   109 | D:1      | Slain by a quokka

Illustrated notes

Levels and vault maps discovered:
D:1:      lightli_arrival_statuegarden, layout_rooms, due_unseen_surprise

Action                     || total
---------------------------++-------
  Melee: Quarterstaff      ||    22
         Bite              ||     1
   Cast: Slow              ||     1
 Armour: Robe              ||    15
  Dodge: Dodged            ||    17

Table legend: (Time is in decaauts)
 A = Elapsed time spent in this place.
 B = Non-inter-level travel time spent in this place.
 C = Inter-level travel time spent in this place.
 D = Time resting spent in this place.
 E = Time spent auto-exploring this place.
 F = Levels seen in this place.
 G = Mean time per level.
                   A        B        C        D        E       F      G
               +--------+--------+--------+--------+--------+-----+--------+
         Total |    110 |    110 |      0 |      0 |     55 |   1 |  110.0 |
       Dungeon |    110 |    110 |      0 |      0 |     55 |   1 |  110.0 |
               +--------+--------+--------+--------+--------+-----+--------+

Top non-repeatable levels by time:
     D:1: 110 daAuts
